 Dungeon Crawl Stone Soup version 0.31.0-11-ge490571c62 (webtiles) character file.

Game seed: 16686456180727372630

1550 hawla the Ducker (level 8, -4/44 HPs)
             Began as a Deep Elf Fire Elementalist on Feb 8, 2024.
             Was a Follower of Vehumet.
             Slain by an iguana (9 damage)
             ... on level 7 of the Dungeon.
             The game lasted 00:13:41 (5145 turns).

hawla the Ducker (Deep Elf Fire Elementalist)       Turns: 5145, Time: 00:13:43

Health: -4/44      AC:  5    Str:  5    XL:     8   Next: 57%
Magic:  12/23      EV: 14    Int: 23    God:    Vehumet [*.....]
Gold:   3          SH:  0    Dex: 15    Spells: 6/13 levels left

rFire   . . .        p - +0 dagger (venom)
rCold   + . .        (no shield)
rNeg    . . .        m - +1 robe {rC+}
rPois   +            (no helmet)
rElec   .            (no cloak)
rCorr   .            e - +1 pair of gloves
SInv    .            (no boots)
Will    .....        (no amulet)
Stlth   ++           i - ring of magical power
HPRegen 0.27/turn    j - ring of poison resistance
MPRegen 0.18/turn

%: no passive effects
@: no status effects
A: no striking features
a: Renounce Religion


You were on level 7 of the Dungeon.
You worshipped Vehumet.
Vehumet was aware of your devotion.
You visited 1 branch of the dungeon, and saw 7 of its levels.

You collected 196 gold pieces.
You spent 193 gold pieces at shops.

Inventory:

Hand Weapons
 p - a +0 dagger of venom (weapon)
Armour
 e - a +1 pair of gloves (worn)
 g - a +0 cloak
 m - a +1 robe of cold resistance (worn)
Jewellery
 a - an amulet of magic regeneration
 i - a ring of magical power (left hand)
 j - a ring of poison resistance (right hand)
 l - a ring of protection from fire
 o - a ring of resist corrosion
 u - a ring of protection from fire
Wands
 b - a wand of light (7)
 k - a wand of paralysis (5) (quivered)
 w - a wand of flame (11)
Scrolls
 d - 2 scrolls of revelation
Potions
 c - a potion of mutation {unknown}
 f - 2 potions of ambrosia
 h - 3 potions of curing
 n - a potion of brilliance {unknown}
 q - 2 potions of haste {unknown}
 r - a potion of cancellation {unknown}


   Skills:
 - Level 2.0 Fighting
 + Level 1.5 Short Blades
 - Level 6.0 Dodging
 - Level 3.0 Stealth
 - Level 3.0 Spellcasting
 - Level 6.0 Conjurations
 - Level 6.0 Fire Magic
 - Level 6.0 Evocations


You had 6 spell levels left.
You knew the following spells:

 Your Spells              Type           Power      Damage    Failure   Level
a - Foxfire               Conj/Fire      100%       2x1d9     1%          1
b - Scorch                Fire           62%        2d7       1%          2
c - Flame Wave            Conj/Fire      31%        2d9       10%         4

Your spell library contained the following spells:

 Spells                   Type           Power      Damage    Failure   Level
 Magic Dart               Conj           100%       1d8       1%          1
 Sting                    Conj/Alch      68%        1d7       3%          1
 Inner Flame              Hex/Fire       17%        N/A       10%         3
 Volatile Blastmotes      Fire/Tloc      34%        2d12      10%         3
 Mercury Vapours          Alch/Air       6%         N/A       17%         2
 Olgreb's Toxic Radiance  Alch           3%         N/A       75%         4


Dungeon Overview and Level Annotations

Branches:
Dungeon (7/15)             Temple (0/1) D:4

Altars:
Elyvilon
Vehumet

Shops:
D:3 (:   D:5 **?*


Message History

Aiming: Bolt of Light
Press: ? - help, Shift-Dir - straight line, f - sky beast
Aim: a sky beast (64% to hit)
The bolt of light hits the gnoll sergeant!
You kill the gnoll sergeant!
Vehumet accepts your kill.
The bolt of light hits the gnoll!!
You kill the gnoll!
Vehumet accepts your kill.
The bolt of light hits the sky beast!!
The sky beast is severely wounded.
The sky beast is blinded.
The bush is engulfed in blazing flames.
Training target 6.0 for Evocations reached!
Your Evocations skill increases to level 6!
You need to enable at least one skill for training.
Your Short Blades skill increases to level 1!
The bush is engulfed in blazing flames.
The bush is engulfed in blazing flames.
The bush is engulfed in blazing flames.
You destroy the bush!
You feel better.
You hit the gnoll but do no damage.
The gnoll hits you with a +2 whip of electrocution.
* * * LOW HITPOINT WARNING * * *
Casting: Scorch (safe; 1% risk of failure)
Confirm with . or Enter, or press ? or * to list all spells.
Casting: Flame Wave (quite dangerous; 10% risk of failure)
Press: ? - help, Dir - look around, f - activate A wave of flame ripples out!
The flame wave engulfs the gnoll.
The gnoll is moderately wounded. (Press . to intensify the flame waves.)
The gnoll barely misses you.
Unknown command.
A wave of flame ripples out!
The flame wave engulfs the gnoll!
You kill the gnoll!
Vehumet accepts your kill.
You feel your power returning.
The flame wave engulfs the iguana.
The iguana is moderately wounded.
The iguana bites you!
You die...

,,,,,,*,*,,*,_,#....###...#.####
,,*,*,*,*,,*,,,#))......#.#.####
,,,,,,,,*,,#+++#)##.......#...##
,**,,*,,*,,#...#)#....#.#####.##
,,,,,*,,*,,+.ยง.')#....).......##
,***,,,,*,,+.P)gY#....).########
,*,,,,,,*,,+.P.'.#.#.##<########
,,,****,,,*#...#)l....#.########
*******,***#+++#@#...##.########
*,,,,**,* *,,,#.#.##...########
*,**,**,****,_,#...##.#########
*,**,**,,,,*,,,#.........#
*,*,,,,,*,*****#.#########
*,****,,,,,*,*,### *,*
*,,,,,,,,,* *,* **,,,,,,*** ,,*
*,,,,,,*


You could see a sky beast (wandering, blind, unable to see you), an iguana and a
gnoll.

Vanquished Creatures
  Sigmund (D:2)
  A sky beast (D:7)
  3 ogres (D:5)
  A centaur (D:5)
  2 gnoll sergeants (D:7)
  3 scorpions
  A bombardier beetle (D:4)
  3 hounds
  A gnoll bouda (D:5)
  Jessica (D:2)
  Ijyb (D:4)
  Natasha (thrice) (D:3)
  An iguana (D:5)
  3 orc wizards
  16 gnolls
  4 adders (D:3)
  2 ufetubi (D:5)
  A dart slug (D:2)
  19 orcs
  6 ball pythons
  9 endoplasms
  2 giant cockroaches
  6 goblins
  8 hobgoblins
  6 kobolds
  3 quokkas
  2 bats
  6 frilled lizards
  3 rats
118 creatures vanquished.

Vanquished Creatures (others)
  228 foxfires
228 creatures vanquished.

Grand Total: 346 creatures vanquished

Notes
Turn   | Place    | Note
-------+----------+-------------------------------------------
     0 | D:1      | hawla the Deep Elf Fire Elementalist began the quest for
                  | the Orb.
     0 | D:1      | Reached XP level 1. HP: 10/10 MP: 6/6
   142 | D:1      | Reached skill level 1 in Fighting
   190 | D:1      | Reached XP level 2. HP: 16/16 MP: 5/8
   738 | D:2      | Noticed Jessica
   749 | D:2      | Killed Jessica
   750 | D:2      | Reached XP level 3. HP: 21/21 MP: 4/9
   753 | D:2      | Learned a level 2 spell: Scorch
   794 | D:2      | Found a faded altar of an unknown god.
  1033 | D:2      | Noticed Sigmund
  1040 | D:2      | Killed Sigmund
  1041 | D:2      | Reached XP level 4. HP: 22/26 MP: 4/10
  1041 | D:2      | Reached XP level 5. HP: 26/30 MP: 4/11
  1386 | D:2      | Identified the +7 hand axe of Departure {pain, *Corrode
                  | Dex+5}
  1810 | D:3      | Noticed Natasha
  1813 | D:3      | Killed Natasha
  1853 | D:3      | Found a white marble altar of Elyvilon.
  1869 | D:3      | Reached XP level 6. HP: 24/35 MP: 11/12
  1979 | D:3      | Noticed Natasha
  1984 | D:3      | Killed Natasha
  2083 | D:3      | You fall into a shaft and drop 2 floors!
  2083 | D:5      | Entered Level 5 of the Dungeon
  2143 | D:5      | Reached skill level 5 in Fire Magic
  2148 | D:5      | Reached skill level 5 in Dodging
  2222 | D:5      | Found Wuodutesch's Assorted Antiques.
  2236 | D:5      | Bought a scroll labelled SIPPIA CUKA for 29 gold pieces
  2236 | D:5      | Bought a fizzy coppery potion for 26 gold pieces
  2250 | D:5      | Reached XP level 7. HP: 22/40 MP: 10/13
  2255 | D:5      | Learned a level 4 spell: Flame Wave
  2523 | D:5      | Found Gaot's General Store.
  2710 | D:5      | Found Hieskuh's Assorted Antiques.
  2715 | D:5      | HP: 2/40 [centaur/arrow (10)]
  2817 | D:5      | Reached skill level 5 in Conjurations
  2867 | D:4      | Noticed Ijyb
  2873 | D:4      | Killed Ijyb
  3378 | D:3      | Found Cixoiq's Antique Weapon Boutique.
  3385 | D:3      | Reached skill level 1 in Evocations
  3414 | D:3      | Found Lece Obri's Book Boutique.
  3428 | D:3      | Found a radiant altar of Vehumet.
  3436 | D:3      | Became a worshipper of Vehumet
  3618 | D:3      | Noticed Natasha
  3630 | D:3      | Killed Natasha
  3981 | D:4      | Found a staircase to the Ecumenical Temple.
  4136 | D:4      | Reached XP level 8. HP: 44/44 MP: 14/14
  4777 | D:5      | Bought a scroll of identify for 54 gold pieces
  4800 | D:5      | Bought a wand of flame (11) for 84 gold pieces
  4821 | D:5      | Found Zaochaso's Magic Scroll Shoppe.
  4834 | D:5      | Reached * piety under Vehumet
  4834 | D:5      | Offered knowledge of Magic Dart by Vehumet.
  5009 | D:7      | Reached skill level 5 in Evocations
  5138 | D:7      | Reached skill level 1 in Short Blades
  5145 | D:7      | Slain by an iguana

Illustrated notes

Levels and vault maps discovered:
D:1:      minmay_arrival_open_corners, layout_basic
D:2:      layout_basic, hellmonk_ecumenical_altar_pennies_from_heaven,
          uniq_jessica, uniq_sigmund
D:3:      layout_loops_ring, overflow_temple_1_default, elyvilon_altar_5,
          serial_shops, nicolae_shop_dealshenge, shop, grunt_ministairs_14,
          uniq_natasha
D:4:      layout_layer_cave, minmay_temple_entry_trees, minivault_19,
          minmay_between, uniq_ijyb
D:5:      layout_basic, serial_shops, nicolae_shop_tiny_glass,
          nicolae_shop_pleasant_corner_grove, shop, nicolae_shop_window_shopping
D:6:      layout_basic, mainiacjoe_overflow_catwalk
D:7:      layout_basic, mainiacjoe_overflow_big_doors

Skill      XL: |  1  2  3  4  5  6  7  8 |
---------------+-------------------------+-----
Fighting       | 1 2 |  2.0
Stealth        | 3 |  3.0
Dodging        | 4 5 6 |  6.0
Conjurations   | 3 4 6 |  6.0
Fire Magic     | 4 5 6 |  6.0
Evocations     | 2 6 |  6.0
Short Blades   | 1 |  1.5
Spellcasting   | |  3.0

Action                     |  1- 3 |  4- 6 |  7- 9 || total
---------------------------+-------+-------+-------++-------
  Melee: Unarmed           |     2 |     7 |     1 ||    10
         Dagger            |       |       |    31 ||    31
         Punch             |       |       |     1 ||     1
   Cast: Foxfire           |    34 |    33 |    61 ||   128
         Scorch            |     1 |    20 |    30 ||    51
         Flame Wave        |       |       |    11 ||    11
  Evoke: Wand              |       |       |     3 ||     3
    Use: Scroll            |     3 |       |     9 ||    12
         Potion            |       |       |     4 ||     4
   Stab: Sleeping          |       |       |     2 ||     2
         Paralysed         |       |       |     2 ||     2
         Invisible         |       |       |     1 ||     1
 Armour: Robe              |     3 |    20 |    49 ||    72
  Dodge: Dodged            |     9 |    30 |    56 ||    95
